 Dungeon Crawl Stone Soup version 0.25-a0-869-g05d4e06a41 (webtiles) character file.

Game seed: 8856518146586424554, levelgen mode: deterministic

4608 mortelune the Archer (level 10, -2/88 HPs)
             Began as a Centaur Hunter on Apr 30, 2020.
             Was an Initiate of Okawaru.
             Slain by a spiny frog (22 damage)
             ... on level 1 of the Lair of Beasts.
             The game lasted 00:26:34 (16429 turns).

mortelune the Archer (Centaur Hunter)              Turns: 16429, Time: 00:26:35

Health: -2/88      AC:  8    Str: 17    XL:     10   Next: 19%
Magic:  10/10      EV:  9    Int:  9    God:    Okawaru [......]
Gold:   271        SH:  0    Dex: 11    Spells: 2/9 levels left

rFire    . . .     SeeInvis .     - Unarmed
rCold    . . .     Gourm    .   (no shield)
rNeg     + . .     Faith    +   h - +0 ring mail
rPois    +         Spirit   .   (no helmet)
rElec    .         Reflect  .   H - +2 ratskin cloak {+Rats rPois rN+ Str-1 Int-1 Dex+1}
rCorr    .         Harm     .   (no gloves)
MR       .....                  (no barding)
Stlth    +.........             F - amulet of faith
HPRegen  0.24/turn              (no ring)
MPRegen  0.12/turn              z - ring of flight

@: lethally poisoned (-2 -> -17), very quick
A: large, hooves 3, deformed body, speed 2, tough skin 3
a: Renounce Religion, Evoke Ratskin, Evoke Flight


You were on level 1 of the Lair of Beasts.
You worshipped Okawaru.
Okawaru was noncommittal.
You were very full.

You visited 3 branches of the dungeon, and saw 11 of its levels.

You collected 485 gold pieces.
You spent 214 gold pieces at shops.

Inventory:

Hand Weapons
 a - a +2 shortbow
 c - a +2 dagger of electrocution
 o - a +0 short sword
Missiles
 d - 12 arrows
Armour
 b - a +0 leather armour
 h - a +0 ring mail (worn)
 w - a +0 scale mail
 C - a +0 plate armour
 H - the +2 ratskin cloak (worn) {+Rats rPois rN+ Str-1 Int-1 Dex+1}
   (You found it on level 6 of the Dungeon)

   It affects your strength (-1).
   It affects your intelligence (-1).
   It affects your dexterity (+1).
   It protects you from poison.
   It protects you from negative energy.
Jewellery
 i - an uncursed ring of poison resistance {unknown}
 v - an uncursed amulet of the gourmand
 z - a ring of flight (right hand)
 F - an amulet of faith (around neck)
Wands
 n - a wand of enslavement (9)
 D - a wand of digging (5)
 G - a wand of flame (9)
 J - a wand of iceblast (11)
Scrolls
 e - 4 scrolls of fear
 f - 2 scrolls of fog
 t - 6 scrolls of teleportation
 u - 3 scrolls of amnesia
 y - 3 scrolls of magic mapping
 A - a scroll of remove curse
 B - a scroll of blinking
 E - a scroll of enchant armour
Potions
 g - 2 potions of degeneration {unknown}
 j - a potion of resistance
 k - 5 potions of might {unknown}
 l - 3 potions of heal wounds {unknown}
 p - 3 potions of curing
 q - 3 potions of lignification
 r - 6 potions of haste {unknown}
 s - 2 potions of brilliance {unknown}
 x - 2 potions of berserk rage
 I - a potion of magic
 K - a potion of stabbing {unknown}
Comestibles
 m - 15 rations


   Skills:
 + Level 8.1 Fighting
 + Level 11.3 Bows
 - Level 2.2 Dodging
 - Level 1.4 Stealth
 + Level 7.6 Unarmed Combat
 + Level 4.9 Transmutations


You had 2 spell levels left.
You knew the following spells:

 Your Spells              Type           Power        Failure   Level  Hunger
a - Blade Hands           Tmut           #.........   95%         5    ######.
b - Sticks to Snakes      Tmut           #.......     16%         2    ###....

Your spell library contained the following spells:

 Spells                   Type           Power        Failure   Level  Hunger
 Beastly Appendage        Tmut           #.....       10%         1    ##.....
 Spider Form              Tmut/Pois      #.........   63%         3    ####...
 Ice Form                 Ice/Tmut       #.......     95%         4    #####..


Dungeon Overview and Level Annotations

Branches:
Dungeon (9/15)             Temple (1/1) D:7            Lair (1/6) D:8
    Orc: D:9-12

Altars:
Ashenzari
Cheibriados
Dithmenos
Elyvilon
Fedhas
Gozag
Hepliaklqana
Kikubaaqudgha
Makhleb
Nemelex Xobeh
Okawaru
Qazlal
Ru
Sif Muna
Trog
Uskayaw
Vehumet
Wu Jian
Xom
Yredelemnul
Zin
The Shining One

Shops:
D:7 *   D:8 }

Annotations:
D:7 4 runed translucent doors, Crazy Yiuf
D:8 Gastronok


Innate Abilities, Weirdness & Mutations

You have hooves in place of feet.
Armour fits poorly on your strangely shaped body.
You cover ground very quickly.
You have extremely tough skin. (AC +3)


Message History

You barely miss the spiny frog.
The spiny frog is lightly wounded.
The spiny frog stings you!!
You closely miss the spiny frog.
The spiny frog is lightly wounded.
The spiny frog completely misses you.
You punch the spiny frog!
The spiny frog is moderately wounded.
The spiny frog stings you!!
You hit the spiny frog but do no damage.
You kick the spiny frog.
The spiny frog is moderately wounded.
The spiny frog stings you!!
* * * LOW HITPOINT WARNING * * *
You are poisoned.
The spiny frog poisons you!
You hit the spiny frog. You kick the spiny frog.
The spiny frog is heavily wounded.
You feel sick. The spiny frog stings you!!
You die...

... ... # ##.+#..##+
#P.#.........
..#......... .
#.#......... #.#.........
#....F......
#.#.@........+.....#
######.#..........#.....#
........##.#.###.#......#
........................#
........................#
..........#####.# #.....#
########.## # #.....#
#P..# #.....## ##.##
#.......


You could see a spiny frog.

Vanquished Creatures
  A hydra (Lair:1)
  Grinder (D:5)
  A water moccasin (D:7)
  4 ice beasts
  2 orc warriors
  2 ogres
  A phantom (D:9)
  2 black bears
  2 crocodiles
  A big kobold (D:9)
  3 bullfrogs
  4 scorpions
  6 killer bees (D:8)
  8 wights (D:8)
  A howler monkey (D:4)
  A centaur zombie (D:6)
  5 hounds
  A bullfrog skeleton (D:9)
  7 orc priests
  9 orc wizards
  6 iguanas
  A hell rat (D:6)
  9 worker ants
  2 howler monkey skeletons
  14 adders
  6 river rats (D:6)
  2 shadow imps
  2 adder skeletons
  An adder zombie (D:7)
  A worm (D:2)
  3 dart slugs
  A leopard gecko (D:2)
  27 orcs
  3 giant cockroaches
  6 goblins
  5 hobgoblins
  8 jackals
  14 kobolds
  5 quokkas
  2 ball pythons (D:1)
  5 bats
  8 frilled lizards
  A quokka skeleton (D:7)
  A quokka zombie (D:5)
  21 rats
216 creatures vanquished.

Vanquished Creatures (others)
  5 fungi (D:8)
5 creatures vanquished.

Grand Total: 221 creatures vanquished

Notes
Turn   | Place    | Note
-------+----------+-------------------------------------------
     0 | D:1      | mortelune the Centaur Hunter began the quest for the Orb.
     0 | D:1      | Reached XP level 1. HP: 17/17 MP: 1/1
   169 | D:1      | Reached XP level 2. HP: 24/24 MP: 2/2
  1322 | D:1      | Reached skill level 1 in Stealth
  1434 | D:2      | Reached XP level 3. HP: 20/30 MP: 3/3
  1802 | D:2      | Found a faded altar of an unknown god.
  2319 | D:2      | Reached XP level 4. HP: 33/37 MP: 4/4
  2972 | D:3      | Reached skill level 1 in Unarmed Combat
  3756 | D:4      | Reached skill level 6 in Bows
  3756 | D:4      | Reached XP level 5. HP: 13/45 MP: 5/5
  4117 | D:4      | Found a burning altar of Makhleb.
  4613 | D:4      | Reached XP level 6. HP: 46/51 MP: 6/6
  4674 | D:4      | Found a hide-covered altar of Uskayaw.
  5089 | D:4      | Found a white marble altar of Elyvilon.
  5116 | D:4      | Found a stormy altar of Qazlal.
  5128 | D:4      | Found a blossoming altar of Fedhas.
  6003 | D:4      | Reached skill level 7 in Bows
  6312 | D:5      | Entered Level 5 of the Dungeon
  6524 | D:4      | Reached XP level 7. HP: 24/59 MP: 7/7
  7540 | D:5      | Reached skill level 8 in Bows
  7543 | D:5      | Reached skill level 5 in Fighting
  7552 | D:5      | Noticed Grinder
  7564 | D:5      | Killed Grinder
  7612 | D:5      | Reached XP level 8. HP: 68/68 MP: 8/8
  7854 | D:5      | Found a snail-covered altar of Cheibriados.
  8591 | D:6      | Reached skill level 5 in Unarmed Combat
  8824 | D:6      | Reached skill level 9 in Bows
  8879 | D:6      | Learned a level 5 spell: Blade Hands
  8882 | D:6      | Learned a level 2 spell: Sticks to Snakes
  9155 | D:6      | Reached skill level 1 in Transmutations
 10301 | D:6      | Found the +2 ratskin cloak {+Rats rPois rN+ Str-1 Int-1
                  | Dex+1}
 11172 | D:7      | Found a runed translucent door.
 11172 | D:7      | Noticed a manticore
 11173 | D:7      | Noticed a slime creature
 11173 | D:7      | Found a runed translucent door.
 11174 | D:7      | Found a runed translucent door.
 11297 | D:6      | Reached XP level 9. HP: 54/78 MP: 9/9
 11590 | D:7      | Found a staircase to the Ecumenical Temple.
 11600 | Temple   | Entered the Ecumenical Temple
 12192 | D:7      | Reached skill level 10 in Bows
 12306 | D:7      | Found a runed translucent door.
 12307 | D:7      | Noticed Crazy Yiuf
 12678 | D:7      | Found Giarijo's Island Escapes.
 12691 | D:7      | Bought a scroll of teleportation for 39 gold pieces
 12691 | D:7      | Bought a scroll of teleportation for 39 gold pieces
 12691 | D:7      | Bought a scroll of blinking for 97 gold pieces
 12691 | D:7      | Bought a scroll of teleportation for 39 gold pieces
 13664 | D:8      | Found Hajol's Gadget Boutique.
 14276 | D:8      | Noticed Gastronok
 14302 | D:8      | Found a bloodstained altar of Trog.
 14571 | D:8      | Found a staircase to the Lair.
 15138 | D:9      | Reached skill level 11 in Bows
 15522 | D:9      | Found an iron altar of Okawaru.
 15530 | D:9      | Became a worshipper of Warmaster Okawaru
 16027 | Lair:1   | Entered Level 1 of the Lair of Beasts
 16047 | Lair:1   | Reached XP level 10. HP: 73/88 MP: 10/10
 16160 | Lair:1   | Noticed a four-headed hydra
 16192 | Lair:1   | Killed a four-headed hydra
 16420 | Lair:1   | Noticed a spiny frog
 16429 | Lair:1   | Slain by a spiny frog

Levels and vault maps discovered:
D:1:      minmay_arrival_solitary_statue, layout_basic
D:2:      minmay_angry_zag, layout_basic,
          chequers_ecumenical_altar_simple_redux, first_ration
D:3:      layout_basic
D:4:      layout_loops_ring, makhleb_heckhound_becter,
          nicolae_overflow_quartered_altars
D:5:      layout_cave_pools, basic_altar, uniq_grinder
D:6:      wander_guarded_unrand_ratskin, layout_basic
D:7:      minmay_the_grid_triangle_9x9_rhombus_full
          [minmay_the_grid_triangle_9x9_odd_lines,
          minmay_the_grid_triangle_9x9_zippers_vertical,
          minmay_the_grid_triangle_9x9_thin_v,
          minmay_the_grid_triangle_9x9_sprig,
          minmay_the_grid_triangle_9x9_fully_insulated_deathbox,
          minmay_the_grid_triangle_9x9_semitri,
          minmay_the_grid_triangle_9x9_cache,
          minmay_the_grid_triangle_9x9_prize_top_heavy], layout_loops_ring,
          minmay_temple_entry_butterflies, nicolae_island_escapes,
          uniq_crazy_yiuf_cottage
D:8:      layout_basic, grunt_lair_entry_orc_guard_hut, serial_shops,
          shop_statue, basic_altar, uniq_gastronok
D:9:      layout_roguey, lemuel_crystal_altar, david_orc_4
Temple:   regret_index_temple_sphere_string
Lair:1:   statuecave_lemuel, layout_chaotic_city, grunt_megastairs_2

Skill      XL: |  1  2  3  4  5  6  7  8  9 10 |
---------------+-------------------------------+-----
Stealth        | 1 |  1.4
Dodging        | 2 |  2.2
Unarmed Combat | 1 2 3 4 5 7 |  7.6
Fighting       | 3 4 5 6 7 8 |  8.1
Bows           | 6 7 8 9 11 | 11.3
Transmutations | 2 4 |  4.9

Action                   |  1- 3 |  4- 6 |  7- 9 | 10-12 || total
-------------------------+-------+-------+-------+-------++-------
Melee: Short sword       |    61 |       |       |       ||    61
       Kick              |    18 |    31 |   104 |     3 ||   156
       Unarmed           |    31 |   160 |   494 |     6 ||   691
       Punch             |       |     1 |     8 |       ||     9
 Fire: Shortbow          |    39 |   115 |   208 |    13 ||   375
 Abil: Evoke Ratskin     |       |       |     1 |       ||     1
       Evoke Flight      |       |       |     1 |       ||     1
  Use: Scroll            |       |    12 |       |     4 ||    16
  Eat: Chunk             |     3 |     7 |    35 |       ||    45
       Ration            |       |     1 |       |       ||     1
Armor: Leather armour    |     5 |       |       |       ||     5
       Ring mail         |    45 |    32 |   112 |       ||   189
       Scale mail        |       |    45 |    66 |       ||   111
       Plate armour      |       |       |    14 |       ||    14
Dodge: Dodged            |    47 |    91 |   202 |     2 ||   342

Table legend:
 A = Non-vault XP
 B = Vault XP
 C = Vault XP percentage of total XP
 D = Non-vault monster count
 E = Vault monster count
 F = Vault count percentage of total count
                 A         B        C        D         E       F
            +---------+---------+-------+---------+---------+-------
      Total |    5450 |    1134 |  17.2 |     182 |      34 |  15.7
            +---------+---------+-------+---------+---------+-------
        D:1 |      29 |       0 |   0.0 |      20 |       0 |   0.0
        D:2 |      92 |       6 |   6.1 |      17 |       2 |  10.5
        D:3 |      64 |       0 |   0.0 |      23 |       0 |   0.0
        D:4 |     532 |      45 |   7.8 |      22 |       1 |   4.3
        D:5 |     736 |     258 |  26.0 |      25 |       1 |   3.8
        D:6 |     576 |     128 |  18.2 |      14 |      21 |  60.0
        D:7 |     604 |     176 |  22.6 |      18 |       2 |  10.0
        D:8 |    1068 |     438 |  29.1 |      23 |       4 |  14.8
        D:9 |     638 |      83 |  11.5 |      18 |       3 |  14.3
     Lair:1 |    1111 |       0 |   0.0 |       2 |       0 |   0.0
            +---------+---------+-------+---------+---------+-------
